 Dungeon Crawl Stone Soup version 0.30-a0-840-ga523dec638 (webtiles) character file.

Game seed: 15977313629075743196

2 Esekla the Sneak (level 1, 16/16 HPs)
             Began as an Octopode Delver on Mar 1, 2023.
             Quit the game on level 5 of the Dungeon.
             The game lasted 00:01:02 (96 turns).

Esekla the Sneak (Octopode Delver)                    Turns: 96, Time: 00:01:03

Health: 16/16      AC:  1    Str: 11    XL:     1   Next: 30%
Magic:  1/1        EV: 13    Int: 12    God:
Gold:   46         SH:  0    Dex: 13    Spells: 0/0 levels left

rFire   . . .      SeeInvis .    a - +0 scimitar
rCold   . . .      Faith    .    (no shield)
rNeg    . . .      Spirit   .    (helmet restricted)
rPois   .          Reflect  .    (no amulet)
rElec   .          Harm     .    (no ring)
rCorr   .          Rampage  .    (no ring)
Will    .....                    (no ring)
Stlth   ++++                     (no ring)
HPRegen 0.22/turn                (no ring)
MPRegen 0.07/turn                (no ring)
                                 (no ring)
                                 (no ring)

@: no status effects
A: almost no armour, amphibious, 8 rings, camouflage 1, gelatinous body 1,
(nimble swimmer 1), tentacles
a: no special abilities


You were on level 5 of the Dungeon.
You visited 1 branch of the dungeon, and saw 1 of its levels.

You collected 46 gold pieces.

Inventory:

Hand Weapons
 a - a +0 scimitar (weapon)
Wands
 f - a wand of digging (3)
Scrolls
 b - a scroll of fog
 d - a scroll of fear
 g - a scroll of vulnerability {unknown}
 i - a scroll of noise {unknown}
 j - a scroll of teleportation {unknown}
Potions
 c - a potion of invisibility {unknown}
 e - a potion of haste
 h - a potion of curing {unknown}


   Skills:
 + Level 3.1 Fighting
 + Level 2.0 Long Blades
 + Level 2.0 Dodging
 + Level 6.6 Stealth


You couldn't memorise any spells.
You didn't know any spells.
Your spell library was empty.

Dungeon Overview and Level Annotations

Branches:
Dungeon (5/15)
 Temple: D:4-7

Altars:

Shops:
D:5 ?


Innate Abilities, Weirdness & Mutations

You cannot wear most types of armour.
You are amphibious.
You can wear up to eight rings at the same time.
Your skin changes colour to match your surroundings (Stealth+).
Your rubbery body absorbs attacks. (AC +1, EV +1)
((You are camouflaged when in or above water. (Stealth+)))
You have tentacles for arms and can constrict up to eight enemies at once.


Message History

Found a stone staircase leading down.
Found a scimitar.
Found a scroll labelled VOEDORA VOCSI.
You are now empty-tentacled.
You drop a +0 falchion.
You see here a +0 scimitar.
a - a +0 scimitar (weapon)
You now have 12 gold pieces.
An orc comes into view. It is wielding a +0 flail.
Things that are here:
a scroll labelled VOEDORA VOCSI; a +0 quarterstaff
g - a scroll labelled VOEDORA VOCSI The orc shouts!
There is a stone staircase leading down here.
You see here a brown potion.
h - a brown potion
As you read the scroll of magic mapping, it crumbles to dust.
You feel aware of your surroundings.
You sensed 1 shop/portal.
You slash the orc!
You kill the orc!
Things that are here:
a +0 flail; a +0 leather armour; an orc corpse
Found a sedimented coppery potion.
Found 5 stones.
Found a scroll labelled EROASM BYPUMU.
c - a sedimented coppery potion
Found 18 gold pieces.
i - a scroll labelled EROASM BYPUMU
Found a stone staircase leading down.
You now have 30 gold pieces (gained 18).
Found Deplopot's Magic Scroll Boutique.
Found a scroll labelled BEINUA GIFONLA.
There is an entrance to Deplopot's Magic Scroll Boutique here.
You can access your shopping list by pressing '$'.
Found 16 gold pieces.
j - a scroll labelled BEINUA GIFONLA
Found a stone staircase leading up.
You now have enough gold to buy a scroll of teleportation on this level.
You can access your shopping list by pressing '$'.
You now have 46 gold pieces (gained 16).
Are you sure you want to abandon this character and quit the game? (Confirm with "yes".)

********### *,,,,,,,..#
*,******#.# *,* #.# *,* ##**#.#
#########*
****#..##.#####........*
*,,,#...@.....#.######.*
***,,,#P...#<#.#.......#,*
*,*,,,+....###.......#.#,*
******,*+*+#P.......#.###.#.#.##
*,,,,,>*^*,#......∩.............
*,,,,,,****#........#.###.#.#.#.
*,,,,,,**,,##########.# #.#.#,,,
*,,,,,,,,,,,,,,,,,,,..# #.#.####
*,,,,,***,*,,,,****######.#.....


There were no monsters in sight!

Vanquished Creatures
  An orc (D:5)
1 creature vanquished.

Notes
Turn   | Place    | Note
-------+----------+-------------------------------------------
     0 | D:5      | Esekla the Octopode Delver began the quest for the Orb.
     0 | D:5      | Reached XP level 1. HP: 16/16 MP: 1/1
    73 | D:5      | Found Deplopot's Magic Scroll Boutique.
    96 | D:5      | Quit the game

Illustrated notes

Levels and vault maps discovered:
D:5:      layout_basic, serial_shops, shop, cheibrodos_gnoll_hut

Action                     || total
---------------------------++-------
  Melee: Scimitar          ||     1
    Use: Scroll            ||     1

Table legend: (Time is in decaauts)
 A = Elapsed time spent in this place.
 B = Non-inter-level travel time spent in this place.
 C = Inter-level travel time spent in this place.
 D = Time resting spent in this place.
 E = Time spent auto-exploring this place.
 F = Levels seen in this place.
 G = Mean time per level.
                   A        B        C        D        E       F      G
               +--------+--------+--------+--------+--------+-----+--------+
         Total |     95 |     95 |      0 |      0 |      0 |   1 |   95.0 |
       Dungeon |     95 |     95 |      0 |      0 |      0 |   1 |   95.0 |
               +--------+--------+--------+--------+--------+-----+--------+

Top non-repeatable levels by time:
     D:5: 95 daAuts
